 Dungeon Crawl Stone Soup version 0.20.1-1-g8b1a95d (webtiles) character file.

56 tidbits the Sneak (level 3, -6/25 HPs)
             Began as an Octopode Artificer on July 8, 2017.
             Was an Initiate of Okawaru.
             Mangled by potam12345's ghost (9 damage)
             ... on level 3 of the Dungeon.
             The game lasted 00:07:34 (757 turns).

tidbits the Sneak (Octopode Artificer)               Turns: 757, Time: 00:07:35

Health: -6/25      AC:  1    Str: 11    XL:     3   Next: 95%
Magic:  5/5        EV: 13    Int: 14    God:    Okawaru [......]
Gold:   69         SH:  3    Dex: 16    Spells: 2/2 levels left

rFire    + . .     SeeInvis +   a - +0 short sword
rCold    . . .     Gourm    .   j - +0 buckler
rNeg     . . .     Faith    .   (helmet restricted)
rPois    .         Spirit   .   (no amulet)
rElec    .         Reflect  .   e - ring of protection from fire
rCorr    .         Harm     .   s - ring of see invisible
MR       .....                  y - +4 ring of dexterity
Stlth    ++++......             (no ring)
Regen    0.1/turn               (no ring)
MPRegen  0.1/turn               (no ring)
                                (no ring)
                                (no ring)

@: lethally poisoned (-6 -> -13)
A: almost no armour, stealthy swim, amphibious, 8 rings, constrict 8, camouflage
1, gelatinous body 1
a: Renounce Religion


You were on level 3 of the Dungeon.
You worshipped Okawaru.
Okawaru was noncommittal.
You were not hungry.

You visited 1 branch of the dungeon, and saw 4 of its levels.

You collected 69 gold pieces.

Inventory:

Hand Weapons
 a - a +0 short sword (weapon)
 b - a +0 hunting sling of flaming
   (You found it on level 1 of the Dungeon)
 v - a cursed +0 hunting sling
Missiles
 h - 68 stones (quivered)
Armour
 j - a +0 buckler (worn)
Jewellery
 e - a ring of protection from fire (left tentacle)
   (You found it on level 1 of the Dungeon)
 s - a ring of see invisible (right tentacle)
   (You found it on level 1 of the Dungeon)
 y - a +4 ring of dexterity (on tentacle)
   (You found it on level 1 of the Dungeon)
Wands
 c - a wand of enslavement (15/24)
 d - a wand of random effects (12/48)
 B - a wand of flame (11/48)
Scrolls
 l - a scroll of fear {unknown}
 o - a scroll of blinking {unknown}
 q - a scroll of teleportation {unknown}
 r - 4 scrolls of enchant armour {unknown}
 x - a scroll of random uselessness {unknown}
 A - a scroll of enchant weapon {unknown}
Potions
 m - a potion of haste {unknown}
 n - a potion of degeneration {unknown}
 p - a potion of flight {unknown}
 t - a potion of mutation {unknown}
 u - a potion of cancellation {unknown}
 w - a potion of ambrosia {unknown}
 z - a potion of heal wounds {unknown}
Comestibles
 f - 2 bread rations
 k - a meat ration


   Skills:
 + Level 2.4 Fighting
 - Level 1.0 Short Blades
 - Level 2.0 Dodging
 - Level 4.0 Stealth
 - Level 3.3 Evocations


You had 2 spell levels left.
You didn't know any spells.

Dungeon Overview and Level Annotations

Branches:
Dungeon (4/15)
 Temple: D:4-7

Altars:
Okawaru

Annotations:
D:3 potam12345's ghost, amateur TrCK


Innate Abilities, Weirdness & Mutations

You cannot wear most types of armour.
You are very stealthy in the water. (Stealth+)
You are amphibious.
You can wear up to eight rings at the same time.
You can use your tentacles to constrict eight enemies at once.
Your skin changes colour to match your surroundings (Stealth+).
Your rubbery body absorbs attacks. (AC +1, EV +1)


Message History

You squeeze the quokka.
You kill the quokka!
Okawaru accepts your kill.
Things that are here:
a quokka corpse; an adder corpse Butcher a quokka corpse? [(y)es/(c)hoosy/(n)o/(a)ll/(e)dible/(q)uit/?]
Butcher an adder corpse? [(y)es/(c)hoosy/(n)o/(a)ll/(e)dible/(q)uit/?]
There isn't anything else to butcher here.
Found 19 arrows.
Potam12345's ghost (amateur Troll Chaos Knight) comes into view.
It is wielding a weapon of chaos.
Potam12345's ghost turns its malevolent gaze towards you.
All of the chunks of flesh in your inventory have rotted away.
Things that are here:
a quokka corpse; an adder corpse
Press: ? - help, v - describe, . - travel, g - get item
Here: potam12345's ghost, wielding a weapon of chaos A stone.
The floor.
Unknown command.
Okay, then.
Okay, then.
Evoke which item? (* to show all) (? for menu, Esc to quit)
Aiming: Throw Flame
Press: ? - help, Shift-Dir - straight line, f - potam12345's ghost
Aim: potam12345's ghost, wielding a weapon of chaos The puff of flame hits potam12345's ghost.
Potam12345's ghost is lightly damaged.
This wand has 14 charges left.
Evoke which item? (* to show all) (? for menu, Esc to quit)
Aiming: Throw Flame
Press: ? - help, Shift-Dir - straight line, f/p - potam12345's ghost
Aim: potam12345's ghost, wielding a weapon of chaos (lightly damaged)
The puff of flame hits potam12345's ghost.
Potam12345's ghost is moderately damaged.
This wand has 13 charges left.
Evoke which item? (* to show all) (? for menu, Esc to quit)
Aiming: Throw Flame
Press: ? - help, Shift-Dir - straight line, f/p - potam12345's ghost
Aim: potam12345's ghost, wielding a weapon of chaos (moderately damaged)
The puff of flame hits potam12345's ghost.
Potam12345's ghost is moderately damaged.
This wand has 12 charges left.
Evoke which item? (* to show all) (? for menu, Esc to quit)
Aiming: Throw Flame
Press: ? - help, Shift-Dir - straight line, f/p - potam12345's ghost
Aim: potam12345's ghost, wielding a weapon of chaos (moderately damaged)
The puff of flame hits potam12345's ghost.
Potam12345's ghost is moderately damaged.
This wand has 11 charges left.
Evoke which item? (* to show all) (? for menu, Esc to quit)
Aiming: Random Effects
Press: ? - help, Shift-Dir - straight line, f/p - potam12345's ghost
Aim: potam12345's ghost, wielding a weapon of chaos (moderately damaged)
The bolt of poison hits potam12345's ghost.
Potam12345's ghost completely resists.
Potam12345's ghost is moderately damaged.
This wand has 14 charges left.
You hit potam12345's ghost but do no damage.
Potam12345's ghost is moderately damaged.
Potam12345's ghost completely misses you.
Evoke which item? (* to show all) (? for menu, Esc to quit)
Okay, then.
You hit potam12345's ghost but do no damage.
Potam12345's ghost is moderately damaged.
Potam12345's ghost misses you.
You closely miss potam12345's ghost.
Potam12345's ghost is moderately damaged.
Potam12345's ghost hits you.
Okay, then.
It was a potion of curing.
You feel better. Potam12345's ghost closely misses you.
Evoke which item? (* to show all) (? for menu, Esc to quit)
Okay, then.
Evoke which item? (* to show all) (? for menu, Esc to quit)
Aiming: Random Effects
Press: ? - help, Shift-Dir - straight line, f/p - potam12345's ghost
Aim: potam12345's ghost, wielding a weapon of chaos (moderately damaged) Potam12345's ghost flickers and vanishes for a moment.
This wand has 13 charges left.
Potam12345's ghost hits you.
You are poisoned.
Unknown command.
You feel sick.
There is a stone staircase leading up here.
You see here 2 stones.
Okay, then.
Unknown command.
Evoke which item? (* to show all) (? for menu, Esc to quit)
Aiming: Random Effects
Press: ? - help, Shift-Dir - straight line, f/p - potam12345's ghost
Aim: potam12345's ghost, wielding a weapon of chaos (moderately damaged, slightly transparent)
The mass of ice explodes!
The iceblast engulfs potam12345's ghost.
Potam12345's ghost is severely damaged.
The iceblast engulfs you!
Ouch! That really hurt!
* * * LOW HITPOINT WARNING * * *
This wand has 12 charges left.
* * * LOW HITPOINT WARNING * * *
You feel sick. Potam12345's ghost hits you!
You die...

###.....#.......#
###....##......############..
#...#####...#..#.............
#.### ###.<........######.#
####.##########...#.###......
#...................# #######
#....##########>..### ###..#
#..(.#### ##.# ##@......#
#.#### #(W.####.. #....###
##.#.# # #.##....##..#.# .
#.# ##.#..##.# .. #.#
##...###.# ... #.# #.....##.#
.... #.# #.###.†..# ..... #.#
#. ###..#......


You could see potam12345's ghost (invisible).

Vanquished Creatures
  2 adders
  An ooze (D:1)
  A dart slug (D:2)
  An orc (D:3)
  A ball python (D:1)
  2 giant cockroaches (D:1)
  4 hobgoblins (D:1)
  8 kobolds
  A quokka (D:3)
  A bat (D:3)
  2 frilled lizards (D:1)
  3 goblins
  4 rats (D:1)
31 creatures vanquished.

Notes
Turn   | Place    | Note
-------+----------+-------------------------------------------
     0 | D:1      | tidbits the Octopode Artificer began the quest for the Orb.
     0 | D:1      | Reached XP level 1. HP: 13/13 MP: 3/3
    28 | D:1      | Reached skill level 2 in Stealth
   101 | D:1      | Reached XP level 2. HP: 18/18 MP: 4/4
   166 | D:2      | Reached skill level 3 in Stealth
   242 | D:2      | Found an iron altar of Okawaru.
   249 | D:2      | Became a worshipper of Warmaster Okawaru
   296 | D:2      | Reached skill level 4 in Stealth
   313 | D:2      | Reached XP level 3. HP: 19/23 MP: 5/5
   435 | D:4      | Noticed a scorpion
   435 | D:4      | Noticed a scorpion
   617 | D:1      | Reached skill level 2 in Fighting
   738 | D:3      | Noticed potam12345's ghost (amateur TrCK)
   757 | D:3      | Mangled by potam12345's ghost

Skill      XL: |  1  2  3 |
---------------+----------+-----
Stealth        | 2 4 |  4.0
Fighting       | 2 |  2.4
Short Blades   | |  1.0
Dodging        | |  2.0
Evocations     | |  3.3

Action                   || total
-------------------------++-------
Melee: Short sword       ||    64
       Constrict         ||     8
       Tentacles         ||     9
 Fire: Hunting sling     ||     8
Throw: Stone             ||     7
Evoke: Wand              ||     7
  Use: Potion            ||     1
 Stab: Sleeping          ||    10
       Distracted        ||     1
Armor: Skin              ||     1
Dodge: Dodged            ||    34
Block: Buckler           ||     5

Table legend:
 A = Turns spent in this place as a percentage of turns spent in the entire game.
 B = Non-inter-level travel turns spent in this place as a percentage of non-inter-level travel turns spent in the entire game.
 C = Inter-level travel turns spent in this place as a percentage of turns spent in this place.
 D = Turns resting spent in this place as a percentage of non-inter-level travel turns spent in this place.
 E = Turns spent auto-exploring this place as a percentage of non-inter-level travel turns spent in this place.
 F = Non-inter-level travel turns spent in this place divided by the number of levels of this place that you've seen.
                   A       B       C       D       E      F
               +-------+-------+-------+-------+-------+----------------------
         Total | 100.0 | 100.0 |   0.3 |   0.0 |   0.0 | 167.8
       Dungeon | 100.0 | 100.0 |   0.3 |   0.0 |   0.0 | 167.8
               +-------+-------+-------+-------+-------+----------------------

Table legend:
 A = Kills in this place as a percentage of kills in entire the game.
 B = Kills by you in this place as a percentage of kills by you in the entire game.
 C = Kills by friends in this place as a percentage of kills by friends in the entire game.
 D = Other kills in this place as a percentage of other kills in the entire game.
 E = Experience gained in this place as a percentage of experience gained in the entire game.
 F = Experience gained in this place divided by the number of levels of this place that you have seen.
                   A       B       C       D       E      F
               +-------+-------+-------+-------+-------+----------------------
         Total | 100.0 | 100.0 |  -nan |  -nan | 100.0 |  20.0
       Dungeon | 100.0 | 100.0 |  -nan |  -nan | 100.0 |  20.0
               +-------+-------+-------+-------+-------+----------------------

Vault maps used:
D:1:      dpeg_arrival_boxorama
D:2:      okawaru_metal_pillars_1_2
D:3:      grunt_temple_overflow_open
D:4:      lemuel_crystal_altar, minmay_temple_entry_enclosed_plants,
          first_bread, nicolae_ru_awakened_eye, uniq_menkaure
